Americans vs Pirates

Created - Monday, October 26, 2015 at 00:46

Goals
1 2 3 T
Americans 0 2 4 6
Pirates 0 2 0 2
Shots
1 2 3 T
Americans 7 8 19 34
Pirates 7 10 5 22

1st period

No Goal

Penalties :
Johan Sundstrom (POR) for Roughing (Minor) at 1:42, John Persson (POR) for Fighting (Major) at 8:49, Tim Jackman (RCH) for Fighting (Major) at 8:49, John Persson (POR) for instigated a fight (Minor) at 8:49, John Persson (POR) for instigated a fight (10 Minutes Misconduct) at 8:49

2nd period

1. Pirates , Matt Puempel 6 (Daniel Carcillo) at 1:53 (PP)
2. Pirates , Daniel Carcillo 4 (Vladislav Namestnikov, Matt Puempel) at 12:45 (PP)
3. Americans , Marc-Andre Cliche 1 (Patrick Bordeleau) at 16:34 (PP)
4. Americans , Patrick Bordeleau 1 (Nate Schmidt, Jason LaBarbera) at 19:07

Penalties :
Vladislav Namestnikov (POR) for Fighting (Major) at 0:45, Patrick Bordeleau (RCH) for Fighting (Major) at 0:45, Zack Stortini (POR) for Fighting (Major) at 1:30, Trevor Gillies (RCH) for Fighting (Major) at 1:30, Nick Cousins (RCH) for High sticking (Minor) at 1:43, Nick Cousins (RCH) for Hooking (Minor) at 2:36, Steve Spinell (POR) for Cross-checking (Minor) at 5:06, Chris Breen (RCH) for Hooking (Minor) at 12:25, Spencer Abbott (RCH) for Goalie Interference (Minor) at 13:07, John Persson (POR) for Fighting (Major) at 15:18, Garrett Noonan (RCH) for Fighting (Major) at 15:18, John Persson (POR) for instigated a fight (Minor) at 15:18, John Persson (POR) for instigated a fight (10 Minutes Misconduct) at 15:18

3rd period

5. Americans , Nate Schmidt 3 (Grant Clitsome, Petri Kontiola) at 5:33
6. Americans , Nate Schmidt 4 (Grant Clitsome, Patrick Bordeleau) at 5:51
7. Americans , Grant Clitsome 2 (Marc-Andre Cliche, Patrick Bordeleau) at 11:56 (PP)
8. Americans , Tim Jackman 4 (Grant Clitsome) at 16:14 (PP)

Penalties :
Vladislav Namestnikov (POR) for Fighting (Major) at 0:05, Tim Jackman (RCH) for Fighting (Major) at 0:05, Justin Hodgman (RCH) for Cross-checking (Minor) at 1:49, Reid McNeill (POR) for Hooking (Minor) at 11:42, Will O'Neill (POR) for Cross-checking (Minor) at 16:10, Will O'Neill (POR) for Hooking (Minor) at 18:02

Goalie Stats

Jason LaBarbera (RCH), 20 saves from 22 shots - (0.909), W, 3-0-0, 60:00 minutes
Matt Hackett (POR), 28 saves from 34 shots - (0.824), L, 4-3-1, 60:00 minutes

Players Stats for Americans

Player Name              G  A  P  +/- PIM S  H  SB GA TA FO     MP     PP MP  PK MP  
------------------------------------------------------------------------------------
Chris Breen              0  0  0   0  2   2  0  1  1  0  0/0    22:44   4:59   2:57 
Dany Heatley             0  0  0   0  0   0  2  0  0  1  2/3    18:12   4:32   2:03 
Dylan DeMelo             0  0  0   0  0   1  1  1  1  0  0/0    21:39   4:59   2:57 
Garrett Noonan           0  0  0   0  5   0  1  0  1  0  0/0    11:31   0:00   0:00 
Grant Clitsome           1  3  4   3  0   4  0  1  4  3  0/0    25:43   4:29   3:30 
Jake Chelios             0  0  0   0  0   0  0  0  0  0  0/0    12:38   0:00   0:00 
Jerome Samson            0  0  0   0  0   2  0  0  2  1  0/0    14:12   1:50   0:00 
Justin Hodgman           0  0  0   0  2   2  1  0  4  0  8/14   15:24   0:10   2:02 
Marc-Andre Cliche        1  1  2   2  0   3  1  0  2  0  7/10   19:08   4:35   2:00 
Nate Schmidt             2  1  3   3  0   7  1  1  2  1  0/0    25:43   4:29   3:30 
Nick Cousins             0  0  0   0  4   1  3  2  1  0  6/15   22:03   3:33   2:25 
Nick Sorkin              0  0  0   0  0   2  0  1  0  0  0/0    13:21   0:00   0:21 
Patrick Bordeleau        1  3  4   2  5   4  4  0  3  0  0/0    17:24   4:50   0:43 
Petri Kontiola           0  1  1   1  0   1  1  0  0  0  1/3     7:13   0:00   0:00 
Ruslan Fedotenko         0  0  0   1  0   1  1  0  0  0  0/0     7:13   0:00   0:00 
Spencer Abbott           0  0  0   2  2   0  1  0  0  0  0/0    17:10   4:56   0:00 
Tim Jackman              1  0  1   0  10  4  0  0  2  1  1/2    16:18   2:49   3:20 
Trevor Gillies           0  0  0   1  5   0  2  0  0  0  1/1     5:47   1:09   0:00 

Players Stats for Pirates

Player Name              G  A  P  +/- PIM S  H  SB GA TA FO     MP     PP MP  PK MP  
------------------------------------------------------------------------------------
Anthony Duclair          0  0  0   0  0   0  0  0  0  0  0/0     1:56   0:00   0:00 
C.J. Ludwig              0  0  0  -2  0   0  2  1  0  2  0/0    23:51   3:41   3:10 
Carlo Colaiacovo         0  0  0   0  0   0  0  2  0  2  0/0    18:31   2:46   0:20 
Daniel Carcillo          1  1  2  -2  0   5  1  1  4  3  1/1    17:29   3:35   2:00 
Danny Kristo             0  0  0   0  0   1  1  2  1  0  0/0    20:00   2:52   1:50 
FARM PLAYER11            0  0  0  -1  0   0  0  0  0  0  2/3    17:36   1:25   7:33 
Henrik Samuelsson        0  0  0   0  0   1  1  0  2  1  6/11   18:05   2:52   0:00 
Jesper Fast              0  0  0  -1  0   0  1  1  1  0  0/1     7:23   0:00   0:00 
Johan Sundstrom          0  0  0  -1  2   0  0  1  1  1  4/9    15:44   0:00   1:35 
John Persson             0  0  0   0  34  0  0  0  1  0  0/0     5:41   0:01   0:00 
Kerby Rychel             0  0  0   0  0   6  1  0  3  1  2/2    17:28   2:52   0:00 
Martin Frk               0  0  0  -1  0   1  0  1  0  0  0/0     7:23   0:00   0:00 
Matt Puempel             1  1  2  -2  0   4  1  2  2  1  0/1    19:50   3:35   6:48 
Reid McNeill             0  0  0  -2  2   1  3  5  0  0  0/0    28:40   3:41   6:04 
Steve Spinell            0  0  0  -1  2   0  0  0  0  0  0/0    10:07   0:00   0:14 
Vladislav Namestnikov    0  1  1  -2  10  2  2  0  3  3  7/17   19:22   1:15   6:14 
Will O'Neill             0  0  0   0  4   0  4  1  0  2  0/0    27:25   2:46   2:15 
Zack Stortini            0  0  0   0  5   1  1  1  1  2  0/3    14:17   0:54   0:15 

3 Stars

1 - Nate Schmidt (RCH)
2 - Grant Clitsome (RCH)
3 - Patrick Bordeleau (RCH)

Power Play

Americans - 3 on 7 Attempt(s) - 42.86%
Pirates - 2 on 5 Attempt(s) - 40.00%

Penalty Kill

Americans - 3 on 5 Attempt(s) - 60.00% - Score 0 goal in Penalty Kill
Pirates - 4 on 7 Attempt(s) - 57.14% - Score 0 goal in Penalty Kill

Team Stat

Americans - Hits : 19 - Faceoff Wins : 26 - Blocked Shots : 7 - Penalty Minutes : 35
Pirates - Hits : 18 - Faceoff Wins : 22 - Blocked Shots : 18 - Penalty Minutes : 59

Official

Referees : Unknown
Linesman : Unknown

Game Notes

Tim Jackman beats up John Persson at 8:49 of 1st period
Vladislav Namestnikov and Patrick Bordeleau fight to a draw at 0:45 of 2nd period
Zack Stortini and Trevor Gillies fight to a draw at 1:30 of 2nd period
John Persson and Garrett Noonan fight to a draw at 15:18 of 2nd period
Tim Jackman beats up Vladislav Namestnikov at 0:05 of 3rd period

Finance

Level 1 -- Attendance: 1606 (80.30%) -- Ticket Income $56,210
Level 2 -- Attendance: 725 (72.50%) -- Ticket Income $10,875
Total Attendance: 2331 (77.70%)
Total Ticket Income: $67,085
Other Income: $32,872
Total Income: $99,957

Americans

5 vs 5 Forward 
   Center                   Left Wing                Right Wing               Time % Phy DF OF 
 1 Nick Cousins             Dany Heatley             Tim Jackman              35     1   2  2  
 2 Marc-Andre Cliche        Patrick Bordeleau        Spencer Abbott           30     1   2  2  
 3 Justin Hodgman           Nick Sorkin              Jerome Samson            22     1   2  2  
 4 Petri Kontiola           Ruslan Fedotenko         Nick Cousins             13     1   2  2  

5 vs 5 Defense 
   Defense                  Defense                                           Time % Phy DF OF 
 1 Grant Clitsome           Nate Schmidt                                      35     1   2  2  
 2 Chris Breen              Dylan DeMelo                                      30     1   2  2  
 3 Garrett Noonan           Jake Chelios                                      22     1   2  2  
 4 Grant Clitsome           Nate Schmidt                                      13     1   2  2  

PowerPlay Forward 
   Center                   Left Wing                Right Wing               Time % Phy DF OF 
 1 Nick Cousins             Dany Heatley             Tim Jackman              60     1   2  2  
 2 Marc-Andre Cliche        Patrick Bordeleau        Spencer Abbott           40     1   2  2  

PowerPlay Defense
   Defense                  Defense                                           Time % Phy DF OF 
 1 Grant Clitsome           Nate Schmidt                                      60     1   2  2  
 2 Chris Breen              Dylan DeMelo                                      40     1   2  2  

Penalty Kill 4 Players Forward 
   Center                   Wing                     Time % Phy DF OF 
 1 Nick Cousins             Tim Jackman              60     1   2  2  
 2 Marc-Andre Cliche        Patrick Bordeleau        40     1   2  2  

Penalty Kill 4 Players Defense
   Defense                  Defense                  Time % Phy DF OF 
 1 Grant Clitsome           Nate Schmidt             60     1   2  2  
 2 Chris Breen              Dylan DeMelo             40     1   2  2  

Penalty Kill - 3 Players Forward 
   Forward                                           Time % Phy DF OF 
 1 Nick Cousins                                      60     1   2  2  
 2 Marc-Andre Cliche                                 40     1   2  2  

Penalty Kill - 3 Players Defense
   Defense                  Defense                  Time % Phy DF OF 
 1 Grant Clitsome           Nate Schmidt             60     1   2  2  
 2 Chris Breen              Dylan DeMelo             40     1   2  2  

4 vs 4 Forward 
   Center                   Wing                     Time % Phy DF OF 
 1 Nick Cousins             Tim Jackman              60     1   2  2  
 2 Marc-Andre Cliche        Patrick Bordeleau        40     1   2  2  

4 vs 4 Defense
   Defense                  Defense                  Time % Phy DF OF 
 1 Grant Clitsome           Nate Schmidt             60     1   2  2  
 2 Chris Breen              Dylan DeMelo             40     1   2  2  

Last Minutes Offensive
   Center                   Left Wing                Right Wing               Defense                  Defense                  
   Nick Cousins             Dany Heatley             Tim Jackman              Grant Clitsome           Nate Schmidt             

Last Minutes Defensive
   Center                   Left Wing                Right Wing               Defense                  Defense                  
   Marc-Andre Cliche        Dany Heatley             Tim Jackman              Grant Clitsome           Nate Schmidt             

Goaltenders
Starting : Jason LaBarbera          
Backup : Petr Mrazek              

Extra Forwards
Normal : Trevor Gillies, Jerome Samson, Justin Hodgman - PP : Trevor Gillies, Jerome Samson - PK : Justin Hodgman
Extra Defensemen
Normal : Garrett Noonan, Jake Chelios, Chris Breen - PP : Garrett Noonan - PK : Jake Chelios, Chris Breen
Penalty Shots
Nick Cousins, Tim Jackman, Dany Heatley, Patrick Bordeleau, Marc-Andre Cliche

Pirates

5 vs 5 Forward 
   Center                   Left Wing                Right Wing               Time % Phy DF OF 
 1 Vladislav Namestnikov    Matt Puempel             Daniel Carcillo          35     1   2  2  
 2 Henrik Samuelsson        Kerby Rychel             Danny Kristo             30     1   2  2  
 3 Johan Sundstrom          John Persson             Zack Stortini            22     1   2  2  
 4 Jesper Fast              Vladislav Namestnikov    Martin Frk               13     1   2  2  

5 vs 5 Defense 
   Defense                  Defense                                           Time % Phy DF OF 
 1 Reid McNeill             C.J. Ludwig                                       35     1   2  2  
 2 Carlo Colaiacovo         Will O'Neill                                      30     1   2  2  
 3 Reid McNeill             Will O'Neill                                      22     1   2  2  
 4 Steve Spinell            Will O'Neill                                      13     1   2  2  

PowerPlay Forward 
   Center                   Left Wing                Right Wing               Time % Phy DF OF 
 1 Vladislav Namestnikov    Matt Puempel             Daniel Carcillo          60     1   2  2  
 2 Henrik Samuelsson        Kerby Rychel             Danny Kristo             40     1   2  2  

PowerPlay Defense
   Defense                  Defense                                           Time % Phy DF OF 
 1 Reid McNeill             C.J. Ludwig                                       60     1   2  2  
 2 Carlo Colaiacovo         Will O'Neill                                      40     1   2  2  

Penalty Kill 4 Players Forward 
   Center                   Wing                     Time % Phy DF OF 
 1 Vladislav Namestnikov    Matt Puempel             60     1   2  2  
 2 Daniel Carcillo          Danny Kristo             40     1   2  2  

Penalty Kill 4 Players Defense
   Defense                  Defense                  Time % Phy DF OF 
 1 Reid McNeill             FARM PLAYER11            60     1   2  2  
 2 C.J. Ludwig              Will O'Neill             40     1   2  2  

Penalty Kill - 3 Players Forward 
   Forward                                           Time % Phy DF OF 
 1 Vladislav Namestnikov                             60     1   2  2  
 2 Matt Puempel                                      40     1   2  2  

Penalty Kill - 3 Players Defense
   Defense                  Defense                  Time % Phy DF OF 
 1 C.J. Ludwig              Reid McNeill             60     1   2  2  
 2 FARM PLAYER11            Will O'Neill             40     1   2  2  

4 vs 4 Forward 
   Center                   Wing                     Time % Phy DF OF 
 1 Vladislav Namestnikov    Matt Puempel             60     1   2  2  
 2 Daniel Carcillo          Danny Kristo             40     1   2  2  

4 vs 4 Defense
   Defense                  Defense                  Time % Phy DF OF 
 1 Reid McNeill             C.J. Ludwig              60     1   2  2  
 2 Steve Spinell            Will O'Neill             40     1   2  2  

Last Minutes Offensive
   Center                   Left Wing                Right Wing               Defense                  Defense                  
   Vladislav Namestnikov    Matt Puempel             Daniel Carcillo          Will O'Neill             Reid McNeill             

Last Minutes Defensive
   Center                   Left Wing                Right Wing               Defense                  Defense                  
   Vladislav Namestnikov    Matt Puempel             Daniel Carcillo          Will O'Neill             Reid McNeill             

Goaltenders
Starting : Matt Hackett             
Backup : FARM GOALIE10            

Extra Forwards
Normal : Zack Stortini, John Persson, Johan Sundstrom - PP : Zack Stortini, John Persson - PK : Johan Sundstrom
Extra Defensemen
Normal : C.J. Ludwig, Reid McNeill, Will O'Neill - PP : Will O'Neill - PK : Reid McNeill, Will O'Neill
Penalty Shots
Vladislav Namestnikov, Matt Puempel, Daniel Carcillo, Danny Kristo, Zack Stortini

% Time on Ice - Americans

Lines # - Real PCT - Wanted PCT - Time Play
Normal Forward
1 - 27% - 35% - 12:07
2 - 28% - 30% - 12:13
3 - 28% - 22% - 12:32
4 - 16% - 13% - 7:13
Normal Defense
1 - 34% - 35% - 15:11
2 - 31% - 30% - 13:43
3 - 29% - 22% - 12:38
4 - 6% - 13% - 2:33
PP Forward
1 - 48% - 60% - 4:32
2 - 52% - 40% - 4:56
PP Defense
1 - 47% - 60% - 4:29
2 - 53% - 40% - 4:59
PK Forward
1 - 89% - 60% - 5:44
2 - 11% - 40% - 0:43
PK Defense
1 - 54% - 60% - 3:30
2 - 46% - 40% - 2:57
PK3 Forward
1 - 0% - 60%
2 - 0% - 40%
PK3 Defense
1 - 0% - 60%
2 - 0% - 40%
44 Forward
1 - 0% - 60%
2 - 0% - 40%
44 Defense
1 - 0% - 60%
2 - 0% - 40%
Last Minute Offensive  - 0:00
Last Minute Defensive  - 0:00
Total
Forward - 60:00
Defense - 60:00

% Time on Ice - Pirates

Lines # - Real PCT - Wanted PCT - Time Play
Normal Forward
1 - 21% - 35% - 9:27
2 - 35% - 30% - 15:18
3 - 27% - 22% - 11:57
4 - 17% - 13% - 7:23
Normal Defense
1 - 38% - 35% - 16:45
2 - 33% - 30% - 14:30
3 - 11% - 22% - 4:53
4 - 18% - 13% - 7:57
PP Forward
1 - 56% - 60% - 3:35
2 - 44% - 40% - 2:52
PP Defense
1 - 57% - 60% - 3:41
2 - 43% - 40% - 2:46
PK Forward
1 - 81% - 60% - 7:38
2 - 19% - 40% - 1:50
PK Defense
1 - 67% - 60% - 6:18
2 - 33% - 40% - 3:10
PK3 Forward
1 - 0% - 60%
2 - 0% - 40%
PK3 Defense
1 - 0% - 60%
2 - 0% - 40%
44 Forward
1 - 0% - 60%
2 - 0% - 40%
44 Defense
1 - 0% - 60%
2 - 0% - 40%
Last Minute Offensive  - 0:00
Last Minute Defensive  - 0:00
Total
Forward - 60:00
Defense - 60:00

Play by Play

1st period


0:01 of 1st period - Vladislav Namestnikov wins face-off versus Nick Cousins in neutral zone.
0:12 of 1st period - Matt Puempel is hit by Dany Heatley and loses puck.
0:19 of 1st period - Snap shot by Reid McNeill.
0:19 of 1st period - Shot Misses the Net.
1:11 of 1st period - Wrist shot by Kerby Rychel.
1:11 of 1st period - Stopped by Jason LaBarbera with a rebound.
1:13 of 1st period - Slapshot by Carlo Colaiacovo.
1:13 of 1st period - Deflect By Kerby Rychel.
1:13 of 1st period - Stopped by Jason LaBarbera without a rebound.
1:14 of 1st period - Johan Sundstrom wins face-off versus Justin Hodgman in Americans zone.
1:42 of 1st period - Minor Penalty to Johan Sundstrom for Roughing.
1:43 of 1st period - Vladislav Namestnikov wins face-off versus Nick Cousins in Pirates zone.
2:07 of 1st period - Wrist shot by Tim Jackman.
2:07 of 1st period - Stopped by Matt Hackett with a rebound.
2:09 of 1st period - Snap shot by Chris Breen.
2:09 of 1st period - Stopped by Matt Hackett with a rebound.
2:11 of 1st period - Slapshot by Chris Breen.
2:11 of 1st period - Stopped by Matt Hackett with a rebound.
3:18 of 1st period - Slapshot by Grant Clitsome.
3:18 of 1st period - Shot Blocked by Danny Kristo.
3:42 of 1st period - Penalty to Johan Sundstrom is over, Johan Sundstrom is back on ice.
4:13 of 1st period - Snap shot by Justin Hodgman.
4:13 of 1st period - Shot Misses the Net.
4:15 of 1st period - Wrist shot by Nick Sorkin.
4:15 of 1st period - Deflect By Jerome Samson.
4:15 of 1st period - Shot Hit the Post.
4:15 of 1st period - Puck is out of play.
4:16 of 1st period - Petri Kontiola wins face-off versus Henrik Samuelsson in Pirates zone.
4:27 of 1st period - Wrist shot by Danny Kristo.
4:27 of 1st period - Stopped by Jason LaBarbera with a rebound.
4:33 of 1st period - Wrist shot by Kerby Rychel.
4:33 of 1st period - Stopped by Jason LaBarbera with a rebound.
4:35 of 1st period - Snap shot by Kerby Rychel.
4:35 of 1st period - Shot Misses the Net.
4:37 of 1st period - Wrist shot by Reid McNeill.
4:37 of 1st period - Deflect By Henrik Samuelsson.
4:37 of 1st period - Stopped by Jason LaBarbera with a rebound.
4:41 of 1st period - Backhand shot by Kerby Rychel.
4:41 of 1st period - Stopped by Jason LaBarbera with a rebound.
4:43 of 1st period - Snap shot by Kerby Rychel.
4:43 of 1st period - Shot Misses the Net.
5:54 of 1st period - Snap shot by Zack Stortini.
5:54 of 1st period - Deflect By Grant Clitsome.
5:54 of 1st period - Shot Misses the Net.
5:54 of 1st period - Puck is out of play.
5:55 of 1st period - Nick Cousins wins face-off versus Henrik Samuelsson in Americans zone.
6:46 of 1st period - Wrist shot by Daniel Carcillo.
6:46 of 1st period - Stopped by Jason LaBarbera with a rebound.
6:48 of 1st period - Slapshot by Daniel Carcillo.
6:48 of 1st period - Shot Misses the Net.
7:04 of 1st period - Johan Sundstrom is hit by Petri Kontiola and loses puck.
8:02 of 1st period - Justin Hodgman is hit by Will O'Neill and loses puck.
8:37 of 1st period - Spencer Abbott is hit by Vladislav Namestnikov and loses puck.
8:49 of 1st period - Tim Jackman beats up John Persson.
8:49 of 1st period - Penalty to John Persson for Fighting.
8:49 of 1st period - Penalty to Tim Jackman for Fighting.
8:49 of 1st period - Penalty to John Persson for instigated a fight.
8:49 of 1st period - Penalty to John Persson for instigated a fight.
8:50 of 1st period - Marc-Andre Cliche wins face-off versus Vladislav Namestnikov in neutral zone.
9:19 of 1st period - Spencer Abbott is hit by Matt Puempel.
9:23 of 1st period - Reid McNeill is hit by Marc-Andre Cliche and loses puck.
10:10 of 1st period - Wrist shot by Dany Heatley.
10:10 of 1st period - Shot Misses the Net.
10:12 of 1st period - Slapshot by Nate Schmidt.
10:12 of 1st period - Stopped by Matt Hackett with a rebound.
10:49 of 1st period - Penalty to John Persson is over, Johan Sundstrom is send on ice.
10:51 of 1st period - Daniel Carcillo is hit by Justin Hodgman and loses puck.
11:08 of 1st period - Danny Kristo is hit by Garrett Noonan and loses puck.
11:15 of 1st period - Slapshot by Jake Chelios.
11:15 of 1st period - Shot Blocked by Daniel Carcillo.
11:17 of 1st period - Snap shot by Ruslan Fedotenko.
11:17 of 1st period - Stopped by Matt Hackett with a rebound.
11:19 of 1st period - Snap shot by Garrett Noonan.
11:19 of 1st period - Shot Blocked by Reid McNeill.
11:21 of 1st period - Snap shot by Ruslan Fedotenko.
11:21 of 1st period - Shot Misses the Net.
12:07 of 1st period - Dylan DeMelo is hit by Will O'Neill.
14:33 of 1st period - Icing by Carlo Colaiacovo.
14:34 of 1st period - Justin Hodgman wins face-off versus Henrik Samuelsson in Pirates zone.
15:49 of 1st period - Slapshot by Tim Jackman.
15:49 of 1st period - Stopped by Matt Hackett with a rebound.
16:07 of 1st period - Slapshot by Grant Clitsome.
16:07 of 1st period - Deflect By Nick Sorkin.
16:07 of 1st period - Stopped by Matt Hackett with a rebound.
16:09 of 1st period - Slapshot by Nate Schmidt.
16:09 of 1st period - Shot Blocked by Matt Puempel.
16:39 of 1st period - Will O'Neill is hit by Patrick Bordeleau and loses puck.
17:04 of 1st period - Wrist shot by Tim Jackman.
17:04 of 1st period - Shot Blocked by Reid McNeill.
17:06 of 1st period - Wrist shot by Nick Cousins.
17:06 of 1st period - Shot Blocked by Danny Kristo.
17:08 of 1st period - Slapshot by Jake Chelios.
17:08 of 1st period - Shot Blocked by Reid McNeill.
17:17 of 1st period - Icing by Danny Kristo.
17:18 of 1st period - Kerby Rychel wins face-off versus Justin Hodgman in Pirates zone.
17:56 of 1st period - Johan Sundstrom is hit by Nick Cousins and loses puck.
19:24 of 1st period - Marc-Andre Cliche is hit by Jesper Fast and loses puck.
Goals for this period are 0 for Americans vs 0 for Pirates.
Shots for this period are 7 for Americans vs 7 for Pirates.

2nd period


0:01 of 2nd period - Dany Heatley wins face-off versus Vladislav Namestnikov in neutral zone.
0:23 of 2nd period - Snap shot by Tim Jackman.
0:23 of 2nd period - Shot Misses the Net.
0:26 of 2nd period - Icing by Will O'Neill.
0:27 of 2nd period - Marc-Andre Cliche wins face-off versus Vladislav Namestnikov in Pirates zone.
0:45 of 2nd period - Vladislav Namestnikov and Patrick Bordeleau fight to a draw.
0:45 of 2nd period - Penalty to Vladislav Namestnikov for Fighting.
0:45 of 2nd period - Penalty to Patrick Bordeleau for Fighting.
0:46 of 2nd period - Henrik Samuelsson wins face-off versus Nick Cousins in Americans zone.
0:55 of 2nd period - Wrist shot by Kerby Rychel.
0:55 of 2nd period - Stopped by Jason LaBarbera with a rebound.
0:57 of 2nd period - Slapshot by Will O'Neill.
0:57 of 2nd period - Deflect By Kerby Rychel.
0:57 of 2nd period - Shot Misses the Net.
0:57 of 2nd period - Puck is out of play.
0:58 of 2nd period - Henrik Samuelsson wins face-off versus Nick Cousins in Americans zone.
1:09 of 2nd period - Slapshot by Grant Clitsome.
1:09 of 2nd period - Stopped by Matt Hackett without a rebound.
1:10 of 2nd period - Trevor Gillies wins face-off versus Zack Stortini in Pirates zone.
1:25 of 2nd period - Wrist shot by Daniel Carcillo.
1:25 of 2nd period - Shot Hit the Post.
1:30 of 2nd period - Zack Stortini and Trevor Gillies fight to a draw.
1:30 of 2nd period - Penalty to Zack Stortini for Fighting.
1:30 of 2nd period - Penalty to Trevor Gillies for Fighting.
1:31 of 2nd period - Nick Cousins wins face-off versus Johan Sundstrom in Americans zone.
1:43 of 2nd period - Minor Penalty to Nick Cousins for High sticking.
1:44 of 2nd period - Justin Hodgman wins face-off versus Matt Puempel in Americans zone.
1:53 of 2nd period - Wrist shot by Matt Puempel.
1:53 of 2nd period - Goal by Matt Puempel - Americans : 0 - Pirates : 1.
1:54 of 2nd period - Johan Sundstrom wins face-off versus Nick Cousins in neutral zone.
2:15 of 2nd period - Snap shot by Daniel Carcillo.
2:15 of 2nd period - Shot Blocked by Nate Schmidt.
2:17 of 2nd period - Wrist shot by Daniel Carcillo.
2:17 of 2nd period - Shot Blocked by Nick Cousins.
2:25 of 2nd period - Snap shot by Daniel Carcillo.
2:25 of 2nd period - Shot Misses the Net.
2:36 of 2nd period - Minor Penalty to Nick Cousins for Hooking.
2:37 of 2nd period - Justin Hodgman wins face-off versus Henrik Samuelsson in Americans zone.
3:26 of 2nd period - Snap shot by Matt Puempel.
3:26 of 2nd period - Stopped by Jason LaBarbera without a rebound.
3:27 of 2nd period - FARM PLAYER11 wins face-off versus Justin Hodgman in Americans zone.
3:28 of 2nd period - Wrist shot by Daniel Carcillo.
3:28 of 2nd period - Stopped by Jason LaBarbera with a rebound.
3:30 of 2nd period - Wrist shot by Daniel Carcillo.
3:30 of 2nd period - Deflect By Matt Puempel.
3:30 of 2nd period - Shot Misses the Net.
3:30 of 2nd period - Puck is out of play.
3:31 of 2nd period - Justin Hodgman wins face-off versus FARM PLAYER11 in Americans zone.
3:49 of 2nd period - 10 Minutes Misconduct Penalty to John Persson is over.
3:53 of 2nd period - Backhand shot by Matt Puempel.
3:53 of 2nd period - Stopped by Jason LaBarbera with a rebound.
4:36 of 2nd period - Penalty to Nick Cousins is over, Nick Cousins is back on ice.
5:06 of 2nd period - Minor Penalty to Steve Spinell for Cross-checking.
5:07 of 2nd period - Marc-Andre Cliche wins face-off versus Johan Sundstrom in Pirates zone.
5:22 of 2nd period - Wrist shot by Marc-Andre Cliche.
5:22 of 2nd period - Shot Misses the Net.
5:42 of 2nd period - Wrist shot by Matt Puempel.
5:42 of 2nd period - Shot Misses the Net.
5:45 of 2nd period - Penalty to Vladislav Namestnikov is over, Vladislav Namestnikov is back on ice.
6:30 of 2nd period - Penalty to Zack Stortini is over, Zack Stortini is back on ice.
7:06 of 2nd period - Penalty to Steve Spinell is over, Steve Spinell is back on ice.
7:57 of 2nd period - Snap shot by Nick Cousins.
7:57 of 2nd period - Shot Misses the Net.
8:11 of 2nd period - Wrist shot by Ruslan Fedotenko.
8:11 of 2nd period - Shot Misses the Net.
8:38 of 2nd period - Snap shot by Zack Stortini.
8:38 of 2nd period - Deflect By John Persson.
8:38 of 2nd period - Shot Blocked by Nick Sorkin.
8:38 of 2nd period - Puck is out of play.
8:39 of 2nd period - Johan Sundstrom wins face-off versus Dany Heatley in Americans zone.
8:54 of 2nd period - Johan Sundstrom is hit by Nick Cousins and loses puck.
9:07 of 2nd period - Johan Sundstrom is hit by Patrick Bordeleau.
9:22 of 2nd period - Jesper Fast is hit by Patrick Bordeleau and loses puck.
10:44 of 2nd period - C.J. Ludwig is hit by Patrick Bordeleau and loses puck.
10:59 of 2nd period - Will O'Neill is hit by Trevor Gillies and loses puck.
11:12 of 2nd period - Slapshot by Vladislav Namestnikov.
11:12 of 2nd period - Shot Misses the Net.
11:22 of 2nd period - Johan Sundstrom is hit by Trevor Gillies and loses puck.
11:26 of 2nd period - Icing by Johan Sundstrom.
11:27 of 2nd period - Justin Hodgman wins face-off versus Johan Sundstrom in Pirates zone.
11:34 of 2nd period - Wrist shot by Jerome Samson.
11:34 of 2nd period - Shot Blocked by Johan Sundstrom.
11:36 of 2nd period - Wrist shot by Jerome Samson.
11:36 of 2nd period - Stopped by Matt Hackett with a rebound.
11:38 of 2nd period - Wrist shot by Jerome Samson.
11:38 of 2nd period - Shot Misses the Net.
11:40 of 2nd period - Wrist shot by Chris Breen.
11:40 of 2nd period - Shot Misses the Net.
11:42 of 2nd period - Snap shot by Dylan DeMelo.
11:42 of 2nd period - Shot Blocked by C.J. Ludwig.
11:44 of 2nd period - Slapshot by Dylan DeMelo.
11:44 of 2nd period - Shot Misses the Net.
12:13 of 2nd period - Henrik Samuelsson is hit by Nick Cousins.
12:25 of 2nd period - Minor Penalty to Chris Breen for Hooking.
12:26 of 2nd period - Vladislav Namestnikov wins face-off versus Nick Cousins in Americans zone.
12:27 of 2nd period - Slapshot by Daniel Carcillo.
12:27 of 2nd period - Shot Misses the Net.
12:29 of 2nd period - Snap shot by Vladislav Namestnikov.
12:29 of 2nd period - Shot Misses the Net.
12:31 of 2nd period - Slapshot by Reid McNeill.
12:31 of 2nd period - Shot Blocked by Grant Clitsome.
12:33 of 2nd period - Slapshot by Reid McNeill.
12:33 of 2nd period - Stopped by Jason LaBarbera with a rebound.
12:39 of 2nd period - Snap shot by Vladislav Namestnikov.
12:39 of 2nd period - Stopped by Jason LaBarbera with a rebound.
12:41 of 2nd period - Snap shot by Matt Puempel.
12:41 of 2nd period - Shot Hit the Post.
12:43 of 2nd period - Slapshot by Vladislav Namestnikov.
12:43 of 2nd period - Shot Misses the Net.
12:45 of 2nd period - Slapshot by Daniel Carcillo.
12:45 of 2nd period - Goal by Daniel Carcillo - Americans : 0 - Pirates : 2.
12:46 of 2nd period - Henrik Samuelsson wins face-off versus Marc-Andre Cliche in neutral zone.
12:56 of 2nd period - Off-side.
12:57 of 2nd period - Henrik Samuelsson wins face-off versus Marc-Andre Cliche in neutral zone.
13:07 of 2nd period - Minor Penalty to Spencer Abbott for Goalie Interference.
13:08 of 2nd period - Nick Cousins wins face-off versus Vladislav Namestnikov in Americans zone.
14:32 of 2nd period - Patrick Bordeleau is hit by Vladislav Namestnikov and loses puck.
15:07 of 2nd period - Penalty to Spencer Abbott is over, Spencer Abbott is back on ice.
15:18 of 2nd period - John Persson and Garrett Noonan fight to a draw.
15:18 of 2nd period - Penalty to John Persson for Fighting.
15:18 of 2nd period - Penalty to Garrett Noonan for Fighting.
15:18 of 2nd period - Penalty to John Persson for instigated a fight.
15:18 of 2nd period - Penalty to John Persson for instigated a fight.
15:19 of 2nd period - Marc-Andre Cliche wins face-off versus Vladislav Namestnikov in Americans zone.
15:36 of 2nd period - Wrist shot by Patrick Bordeleau.
15:36 of 2nd period - Stopped by Matt Hackett with a rebound.
15:48 of 2nd period - Slapshot by Grant Clitsome.
15:48 of 2nd period - Shot Misses the Net.
15:50 of 2nd period - Snap shot by Nate Schmidt.
15:50 of 2nd period - Shot Misses the Net.
16:34 of 2nd period - Wrist shot by Marc-Andre Cliche.
16:34 of 2nd period - Goal by Marc-Andre Cliche - Americans : 1 - Pirates : 2.
16:35 of 2nd period - Justin Hodgman wins face-off versus Johan Sundstrom in neutral zone.
16:38 of 2nd period - Wrist shot by Grant Clitsome.
16:38 of 2nd period - Shot Misses the Net.
16:40 of 2nd period - Snap shot by Nick Sorkin.
16:40 of 2nd period - Shot Misses the Net.
16:42 of 2nd period - Backhand shot by Nate Schmidt.
16:42 of 2nd period - Shot Blocked by Will O'Neill.
16:44 of 2nd period - Slapshot by Grant Clitsome.
16:44 of 2nd period - Deflect By Jerome Samson.
16:44 of 2nd period - Stopped by Matt Hackett with a rebound.
16:46 of 2nd period - Wrist shot by Nick Sorkin.
16:46 of 2nd period - Stopped by Matt Hackett with a rebound.
16:50 of 2nd period - Slapshot by Grant Clitsome.
16:50 of 2nd period - Shot Blocked by Carlo Colaiacovo.
16:56 of 2nd period - Snap shot by Jerome Samson.
16:56 of 2nd period - Shot Misses the Net.
16:58 of 2nd period - Slapshot by Grant Clitsome.
16:58 of 2nd period - Shot Blocked by Zack Stortini.
17:00 of 2nd period - Wrist shot by Nick Sorkin.
17:00 of 2nd period - Shot Blocked by Carlo Colaiacovo.
17:12 of 2nd period - Slapshot by Carlo Colaiacovo.
17:12 of 2nd period - Shot Misses the Net.
17:44 of 2nd period - Tim Jackman is hit by Will O'Neill and loses puck.
18:14 of 2nd period - Dylan DeMelo is hit by Reid McNeill and loses puck.
18:21 of 2nd period - Slapshot by Jesper Fast.
18:21 of 2nd period - Deflect By Vladislav Namestnikov.
18:21 of 2nd period - Stopped by Jason LaBarbera with a rebound.
18:23 of 2nd period - Wrist shot by Martin Frk.
18:23 of 2nd period - Stopped by Jason LaBarbera with a rebound.
18:51 of 2nd period - Wrist shot by Marc-Andre Cliche.
18:51 of 2nd period - Stopped by Matt Hackett with a rebound.
19:07 of 2nd period - Wrist shot by Patrick Bordeleau.
19:07 of 2nd period - Goal by Patrick Bordeleau - Americans : 2 - Pirates : 2.
19:08 of 2nd period - Kerby Rychel wins face-off versus Justin Hodgman in neutral zone.
19:11 of 2nd period - Chris Breen is hit by Reid McNeill and loses puck.
19:34 of 2nd period - Justin Hodgman is hit by C.J. Ludwig.
Goals for this period are 2 for Americans vs 2 for Pirates.
Shots for this period are 8 for Americans vs 10 for Pirates.

3rd period


0:01 of 3rd period - Daniel Carcillo wins face-off versus Tim Jackman in neutral zone.
0:05 of 3rd period - Tim Jackman beats up Vladislav Namestnikov.
0:05 of 3rd period - Penalty to Vladislav Namestnikov for Fighting.
0:05 of 3rd period - Penalty to Tim Jackman for Fighting.
0:06 of 3rd period - Nick Cousins wins face-off versus Zack Stortini in Americans zone.
0:30 of 3rd period - Snap shot by Daniel Carcillo.
0:30 of 3rd period - Stopped by Jason LaBarbera with a rebound.
1:01 of 3rd period - Dylan DeMelo is hit by Henrik Samuelsson and loses puck.
1:10 of 3rd period - Snap shot by Patrick Bordeleau.
1:10 of 3rd period - Shot Misses the Net.
1:26 of 3rd period - Wrist shot by Marc-Andre Cliche.
1:26 of 3rd period - Shot Blocked by Reid McNeill.
1:28 of 3rd period - Snap shot by Grant Clitsome.
1:28 of 3rd period - Shot Blocked by Reid McNeill.
1:30 of 3rd period - Slapshot by Nate Schmidt.
1:30 of 3rd period - Shot Misses the Net.
1:49 of 3rd period - Minor Penalty to Justin Hodgman for Cross-checking.
1:50 of 3rd period - Nick Cousins wins face-off versus Zack Stortini in Americans zone.
2:44 of 3rd period - Dany Heatley is hit by Daniel Carcillo and loses puck.
3:26 of 3rd period - Daniel Carcillo is hit by Dany Heatley.
3:30 of 3rd period - Dany Heatley is hit by Zack Stortini and loses puck.
3:49 of 3rd period - Penalty to Justin Hodgman is over, Justin Hodgman is back on ice.
3:55 of 3rd period - Nick Cousins is hit by Kerby Rychel and loses puck.
5:11 of 3rd period - Slapshot by Grant Clitsome.
5:11 of 3rd period - Shot Blocked by Martin Frk.
5:13 of 3rd period - Slapshot by Petri Kontiola.
5:13 of 3rd period - Stopped by Matt Hackett with a rebound.
5:15 of 3rd period - Slapshot by Nate Schmidt.
5:15 of 3rd period - Shot Hit the Post.
5:17 of 3rd period - Slapshot by Grant Clitsome.
5:17 of 3rd period - Shot Blocked by Jesper Fast.
5:19 of 3rd period - Snap shot by Nate Schmidt.
5:19 of 3rd period - Stopped by Matt Hackett with a rebound.
5:21 of 3rd period - Slapshot by Nate Schmidt.
5:21 of 3rd period - Stopped by Matt Hackett with a rebound.
5:23 of 3rd period - Slapshot by Nate Schmidt.
5:23 of 3rd period - Stopped by Matt Hackett with a rebound.
5:33 of 3rd period - Slapshot by Nate Schmidt.
5:33 of 3rd period - Goal by Nate Schmidt - Americans : 3 - Pirates : 2.
5:34 of 3rd period - Marc-Andre Cliche wins face-off versus Vladislav Namestnikov in neutral zone.
5:49 of 3rd period - Snap shot by Grant Clitsome.
5:49 of 3rd period - Shot Misses the Net.
5:51 of 3rd period - Slapshot by Nate Schmidt.
5:51 of 3rd period - Goal by Nate Schmidt - Americans : 4 - Pirates : 2.
5:52 of 3rd period - Henrik Samuelsson wins face-off versus Justin Hodgman in neutral zone.
5:55 of 3rd period - Jerome Samson is hit by Danny Kristo.
6:01 of 3rd period - Henrik Samuelsson is hit by Nate Schmidt and loses puck.
6:42 of 3rd period - Wrist shot by Marc-Andre Cliche.
6:42 of 3rd period - Shot Misses the Net.
6:59 of 3rd period - Off-side.
7:00 of 3rd period - Nick Cousins wins face-off versus Johan Sundstrom in neutral zone.
7:12 of 3rd period - Off-side.
7:13 of 3rd period - FARM PLAYER11 wins face-off versus Nick Cousins in neutral zone.
7:18 of 3rd period - Snap shot by Johan Sundstrom.
7:18 of 3rd period - Shot Blocked by Nick Cousins.
7:39 of 3rd period - Slapshot by Johan Sundstrom.
7:39 of 3rd period - Shot Misses the Net.
8:56 of 3rd period - Wrist shot by Danny Kristo.
8:56 of 3rd period - Shot Blocked by Dylan DeMelo.
8:58 of 3rd period - Wrist shot by Danny Kristo.
8:58 of 3rd period - Deflect By Kerby Rychel.
8:58 of 3rd period - Stopped by Jason LaBarbera with a rebound.
9:00 of 3rd period - Snap shot by Danny Kristo.
9:00 of 3rd period - Shot Misses the Net.
9:10 of 3rd period - Snap shot by Daniel Carcillo.
9:10 of 3rd period - Stopped by Jason LaBarbera without a rebound.
9:11 of 3rd period - Vladislav Namestnikov wins face-off versus Petri Kontiola in Americans zone.
9:41 of 3rd period - Slapshot by Grant Clitsome.
9:41 of 3rd period - Shot Misses the Net.
10:18 of 3rd period - 10 Minutes Misconduct Penalty to John Persson is over.
10:28 of 3rd period - Slapshot by Justin Hodgman.
10:28 of 3rd period - Stopped by Matt Hackett with a rebound.
10:30 of 3rd period - Snap shot by Jerome Samson.
10:30 of 3rd period - Shot Misses the Net.
10:32 of 3rd period - Slapshot by Nick Sorkin.
10:32 of 3rd period - Shot Misses the Net.
10:34 of 3rd period - Slapshot by Justin Hodgman.
10:34 of 3rd period - Stopped by Matt Hackett with a rebound.
11:29 of 3rd period - Grant Clitsome is hit by Reid McNeill and loses puck.
11:42 of 3rd period - Minor Penalty to Reid McNeill for Hooking.
11:43 of 3rd period - Marc-Andre Cliche wins face-off versus Vladislav Namestnikov in Pirates zone.
11:54 of 3rd period - Snap shot by Marc-Andre Cliche.
11:54 of 3rd period - Stopped by Matt Hackett with a rebound.
11:56 of 3rd period - Slapshot by Grant Clitsome.
11:56 of 3rd period - Goal by Grant Clitsome - Americans : 5 - Pirates : 2.
11:57 of 3rd period - Vladislav Namestnikov wins face-off versus Justin Hodgman in neutral zone.
12:02 of 3rd period - Snap shot by Matt Puempel.
12:02 of 3rd period - Shot Blocked by Chris Breen.
12:04 of 3rd period - Slapshot by Reid McNeill.
12:04 of 3rd period - Shot Misses the Net.
12:06 of 3rd period - Wrist shot by Matt Puempel.
12:06 of 3rd period - Stopped by Jason LaBarbera without a rebound.
12:07 of 3rd period - Justin Hodgman wins face-off versus Vladislav Namestnikov in Americans zone.
12:22 of 3rd period - Slapshot by Dylan DeMelo.
12:22 of 3rd period - Stopped by Matt Hackett with a rebound.
12:44 of 3rd period - Daniel Carcillo is hit by Dylan DeMelo and loses puck.
13:58 of 3rd period - Snap shot by Grant Clitsome.
13:58 of 3rd period - Deflect By Tim Jackman.
13:58 of 3rd period - Stopped by Matt Hackett with a rebound.
14:00 of 3rd period - Wrist shot by Nick Cousins.
14:00 of 3rd period - Shot Misses the Net.
14:02 of 3rd period - Wrist shot by Nate Schmidt.
14:02 of 3rd period - Stopped by Matt Hackett without a rebound.
14:03 of 3rd period - Johan Sundstrom wins face-off versus Petri Kontiola in Pirates zone.
14:12 of 3rd period - Snap shot by Zack Stortini.
14:12 of 3rd period - Stopped by Jason LaBarbera with a rebound.
14:18 of 3rd period - Will O'Neill is hit by Ruslan Fedotenko and loses puck.
14:23 of 3rd period - Snap shot by Nick Cousins.
14:23 of 3rd period - Stopped by Matt Hackett without a rebound.
14:24 of 3rd period - Justin Hodgman wins face-off versus Jesper Fast in Pirates zone.
14:51 of 3rd period - Nate Schmidt is hit by Will O'Neill and loses puck.
15:26 of 3rd period - Wrist shot by Patrick Bordeleau.
15:26 of 3rd period - Stopped by Matt Hackett with a rebound.
15:32 of 3rd period - Marc-Andre Cliche is hit by C.J. Ludwig and loses puck.
15:56 of 3rd period - John Persson is hit by Spencer Abbott and loses puck.
16:10 of 3rd period - Minor Penalty to Will O'Neill for Cross-checking.
16:11 of 3rd period - Tim Jackman wins face-off versus Vladislav Namestnikov in Pirates zone.
16:14 of 3rd period - Wrist shot by Tim Jackman.
16:14 of 3rd period - Goal by Tim Jackman - Americans : 6 - Pirates : 2.
16:15 of 3rd period - Dany Heatley wins face-off versus Henrik Samuelsson in neutral zone.
16:27 of 3rd period - Off-side.
16:28 of 3rd period - Henrik Samuelsson wins face-off versus Nick Cousins in neutral zone.
16:58 of 3rd period - Slapshot by Grant Clitsome.
16:58 of 3rd period - Stopped by Matt Hackett with a rebound.
18:02 of 3rd period - Minor Penalty to Will O'Neill for Hooking.
18:03 of 3rd period - Vladislav Namestnikov wins face-off versus Nick Cousins in Pirates zone.
18:27 of 3rd period - Slapshot by Grant Clitsome.
18:27 of 3rd period - Deflect By Tim Jackman.
18:27 of 3rd period - Shot Blocked by Matt Puempel.
18:27 of 3rd period - Puck is out of play.
18:28 of 3rd period - Vladislav Namestnikov wins face-off versus Marc-Andre Cliche in Pirates zone.
18:37 of 3rd period - Snap shot by Grant Clitsome.
18:37 of 3rd period - Stopped by Matt Hackett without a rebound.
18:38 of 3rd period - Marc-Andre Cliche wins face-off versus Vladislav Namestnikov in Pirates zone.
19:11 of 3rd period - Snap shot by Patrick Bordeleau.
19:11 of 3rd period - Shot Misses the Net.
19:13 of 3rd period - Snap shot by Patrick Bordeleau.
19:13 of 3rd period - Stopped by Matt Hackett with a rebound.
Goals for this period are 4 for Americans vs 0 for Pirates.
Shots for this period are 19 for Americans vs 5 for Pirates.